 Dungeon Crawl Stone Soup version 0.28-a0-1292-gb4563b27b3 (webtiles) character file.

Game seed: 6829811554595927977

7 Cheeritup the Poker (level 2, 0/22 (23) HPs)
             Began as a Merfolk Gladiator on Dec 27, 2021.
             Succumbed to a kobold's poison
             ... on level 1 of the Dungeon.
             The game lasted 00:06:00 (345 turns).

Cheeritup the Poker (Merfolk Gladiator)              Turns: 345, Time: 00:06:01

HP:   0/22 (23)     AC:  4    Str: 14    XL:     2   Next: 0%
MP:   2/2           EV: 13    Int:  7    God:
Gold: 0             SH:  0    Dex: 15    Spells: 1/1 levels left

rFire   . . .      SeeInvis .   a - +0 trident
rCold   . . .      Faith    .   (no shield)
rNeg    . . .      Spirit   .   b - +0 leather armour
rPois   .          Reflect  .   c - +0 helmet
rElec   .          Harm     .   (no cloak)
rCorr   .          Rampage  .   (no gloves)
Will    .....                   (no boots)
Stlth   +.........              (no amulet)
HPRegen 0.07/turn               (no ring)
MPRegen 0.08/turn               (no ring)

@: lethally poisoned (0 -> -1), on berserk cooldown, slowed, lightly drained,
very slow
A: (nimble swimmer 2), mertail
a: no special abilities


You were on level 1 of the Dungeon.
You visited 1 branch of the dungeon, and saw 1 of its levels.

Inventory:

Hand Weapons
 a - a +0 trident (weapon)
 g - a +2 short sword of venom
Missiles
 d - 3 throwing nets (quivered)
Armour
 b - a +0 leather armour (worn)
 c - a +0 helmet (worn)


   Skills:
 * Level 2.5 Fighting
 + Level 4.5 Polearms
 - Level 2.0 Throwing
 * Level 4.2 Dodging


You had one spell level left.
You didn't know any spells.
Your spell library was empty.

Dungeon Overview and Level Annotations

Branches:
Dungeon (1/15)

Altars:


Innate Abilities, Weirdness & Mutations

((You are very nimble when in or above water. (Stealth+, EV+, Speed+++)))
Your lower body shifts to a powerful aquatic tail in water.


Message History

HP restored.
A kobold comes into view.
It is wielding a +2 short sword of venom.
The kobold shouts!
The kobold throws a stone.
The stone hits you but does no damage.
The kobold throws a stone.
The stone barely misses you. The kobold closely misses you.
You closely miss the kobold.
The kobold hits you with a +2 short sword of venom.
You are lethally poisoned!
You hit the kobold.
You kill the kobold!
You feel very sick.
You have reached level 2!
You feel very sick.
Things that are here:
a +2 short sword of venom; a stone; a kobold corpse
g - a +2 short sword of venom
* * * LOW HITPOINT WARNING * * *
You feel sick.
* * * LOW HITPOINT WARNING * * *
You feel sick.
It was a potion of berserk rage.
A red film seems to cover your vision as you go berserk!
You feel yourself moving faster!
You feel mighty!
You feel sick.
You feel a strong urge to attack something.
You feel sick.
You feel your anger nearly subside.
You feel sick.
You are no longer berserk.
You are exhausted.
You feel yourself slow down.
* * * LOW HITPOINT WARNING * * *
You feel sick.
There is a lethal amount of poison in your body!
As you read the scroll labelled ONUKEU KAXO, it crumbles to dust.
You feel strangely unstable.
It was a scroll of teleportation.
* * * LOW HITPOINT WARNING * * *
You feel sick.
Your surroundings suddenly seem different.
You die...

### ###### #..
...... #.#
###### #.# #.#
###### #.#
###..... #.#
#...#### #@#
#.### #.# #.#
#.# #.######
#.# #.......
#.#
#######.######
... ........#
#.. .######.#
### #(# #.#


There were no monsters in sight!

Vanquished Creatures
  A goblin (D:1)
  A hobgoblin (D:1)
  3 kobolds (D:1)
  A rat (D:1)
6 creatures vanquished.

Notes
Turn   | Place    | Note
-------+----------+-------------------------------------------
     0 | D:1      | Cheeritup the Merfolk Gladiator began the quest for the
                  | Orb.
     0 | D:1      | Reached XP level 1. HP: 16/16 MP: 1/1
   336 | D:1      | Reached XP level 2. HP: 11/22 MP: 2/2
   344 | D:1      | HP: 1/22 [poisoned by a kobold]
   345 | D:1      | Succumbed to a kobold's poison

Illustrated notes

Levels and vault maps discovered:
D:1:      dpeg_arrival_castle, layout_loops_ring,
          hellmonk_ecumenical_altar_leap_of_faith

Action                   || total
-------------------------++-------
Melee: Trident           ||    19
  Use: Scroll            ||     1
       Potion            ||     1
Armor: Leather armour    ||     3
Dodge: Dodged            ||    11

Table legend: (Time is in decaauts)
 A = Elapsed time spent in this place.
 B = Non-inter-level travel time spent in this place.
 C = Inter-level travel time spent in this place.
 D = Time resting spent in this place.
 E = Time spent auto-exploring this place.
 F = Levels seen in this place.
 G = Mean time per level.
                   A        B        C        D        E       F      G
               +--------+--------+--------+--------+--------+-----+--------+
         Total |    340 |    340 |      0 |     61 |     38 |   1 |  340.0 |
       Dungeon |    340 |    340 |      0 |     61 |     38 |   1 |  340.0 |
               +--------+--------+--------+--------+--------+-----+--------+

Top non-repeatable levels by time:
     D:1: 340 daAuts
